 Dungeon Crawl Stone Soup version 0.28.0-53-g5a82cb258f (webtiles) character file.

Game seed: 7164286017579263107

44 nickcage the Firebug (level 3, -12/19 HPs)
             Began as a Tengu Fire Elementalist on June 21, 2022.
             Mangled by Sigmund
             ... wielding a +2 scythe of venom
              (19 damage)
             ... on level 2 of the Dungeon.
             The game lasted 00:06:34 (2238 turns).

nickcage the Firebug (Tengu Fire Elementalist)      Turns: 2238, Time: 00:06:34

Health: -12/19     AC:  3    Str:  8    XL:     3   Next: 62%
Magic:  1/7        EV: 12    Int: 23    God:
Gold:   93         SH:  0    Dex: 14    Spells: 2/7 levels left

rFire   . . .      SeeInvis .   b - +0 dagger
rCold   . . .      Faith    .   (no shield)
rNeg    . . .      Spirit   .   a - +0 robe
rPois   .          Reflect  .   (helmet restricted)
rElec   .          Harm     .   c - +0 cloak
rCorr   .          Rampage  .   (no gloves)
Will    .....                   (boots unavailable)
Stlth   ++........              (no amulet)
HPRegen 0.06/turn               f - +6 ring of intelligence
MPRegen 0.10/turn               (no ring)

@: lethally poisoned (-12 -> -18)
A: beak, talons 3
a: no special abilities


You were on level 2 of the Dungeon.
You visited 1 branch of the dungeon, and saw 2 of its levels.

You collected 93 gold pieces.

Inventory:

Hand Weapons
 b - a +0 dagger (weapon)
 d - a +0 flail
Armour
 a - a +0 robe (worn)
 c - a +0 cloak (worn)
Jewellery
 f - a +6 ring of intelligence (left hand)
Scrolls
 g - a scroll of fog
Potions
 e - 2 potions of haste {unknown}
 h - a potion of mutation {unknown}
 i - 2 potions of heal wounds {unknown}


   Skills:
 - Level 2.1 Dodging
 - Level 2.0 Stealth
 + Level 2.6 Spellcasting
 - Level 2.0 Conjurations
 + Level 4.3 Fire Magic


You had 2 spell levels left.
You knew the following spells:

 Your Spells              Type           Power      Damage    Failure   Level
b - Scorch                Fire           44%        2d7       3%          2
c - Conjure Flame         Conj/Fire      17%        6-21      10%         3

Your spell library contained the following spells:

 Spells                   Type           Power      Damage    Failure   Level
 Foxfire                  Conj/Fire      68%        2x1d7     3%          1
 Inner Flame              Hex/Fire       12%        N/A       16%         3
 Flame Wave               Conj/Fire      17%        2d6       32%         4


Dungeon Overview and Level Annotations

Branches:
Dungeon (2/15)

Altars:

Annotations:
D:2 Sigmund


Innate Abilities, Weirdness & Mutations

You have a beak for a mouth.
You have claws for feet.


Message History

Found a stone staircase leading down.
As you read the scroll labelled EFIMPIO JAWK, it crumbles to dust.
You hear a loud clanging noise!
It was a scroll of noise.
There is a stone staircase leading down here.
You see here 8 bolts.
Found a stone staircase leading down.
There is a stone staircase leading down here.
Casting: Scorch (safe; 3% risk of failure)
Confirm with . or Enter, or press ? or * to list all spells.
The spell is extremely dangerous to miscast (10% risk of failure)!
Continue anyway?
The fire begins to smoulder!
Sigmund shouts!
The fire ignites!
Flames lash Sigmund.
Sigmund is lightly wounded.
Sigmund's fire resistance burns away.
Flames lash Sigmund.
Sigmund is burned terribly!
Sigmund is heavily wounded.
You are too depleted to draw on your mana recklessly!
Sigmund gestures at you while chanting. The magic dart hits you!
Sigmund closely misses you.
You completely miss Sigmund.
Sigmund is heavily wounded.
You barely miss Sigmund.
Sigmund is heavily wounded.
Sigmund hits you with a +2 scythe of venom.
You are poisoned.
You hit Sigmund. You claw Sigmund. You peck Sigmund, but do no damage.
Your punch misses Sigmund.
Sigmund is severely wounded.
You feel very sick.
Sigmund drinks a potion.
Sigmund seems to grow stronger.
You closely miss Sigmund.
Sigmund is severely wounded.
You feel sick.
Sigmund hits you with a +2 scythe of venom!!
Ouch! That really hurt!
You die...

#.# #.# ##.## ##.## #.#
#.# #######...## #.# #.#
....##.....#####.######
#.#
###.....#.............#.
#.#
####.....#####.###....#
#.# ##...## #.# #.....#
#.# ##.## #@#........
#.# #.# ####@.........
#.####...##.......!
#...>....# #.... #
######...# ... ##.## .
#... #####


You could see Sigmund (strong, combustible).

Vanquished Creatures
  A gnoll (D:1)
  2 ball pythons (D:1)
  5 endoplasms (D:1)
  4 giant cockroaches
  3 goblins
  2 hobgoblins
  3 jackals (D:2)
  3 kobolds
  A bat (D:1)
  2 frilled lizards
  5 rats
31 creatures vanquished.

Vanquished Creatures (others)
  21 foxfires
21 creatures vanquished.

Grand Total: 52 creatures vanquished

Notes
Turn   | Place    | Note
-------+----------+-------------------------------------------
     0 | D:1      | nickcage the Tengu Fire Elementalist began the quest for
                  | the Orb.
     0 | D:1      | Reached XP level 1. HP: 10/10 MP: 4/4
   160 | D:1      | Reached XP level 2. HP: 4/15 MP: 1/6
   382 | D:1      | Learned a level 2 spell: Scorch
   457 | D:1      | Found a faded altar of an unknown god.
   790 | D:1      | Reached skill level 4 in Fire Magic
   814 | D:1      | Reached XP level 3. HP: 19/19 MP: 1/7
  1580 | D:2      | Noticed Sigmund
  1704 | D:2      | Learned a level 3 spell: Conjure Flame
  2099 | D:2      | Identified a scroll of acquirement
  2099 | D:2      | Acquired a +6 ring of intelligence
  2238 | D:2      | Mangled by Sigmund

Illustrated notes

Levels and vault maps discovered:
D:1:      psy_arrival_whirlpool, layout_basic, ebering_ecumenical_altar_hall,
          patterned_corridor
D:2:      layout_loops_ring, uniq_sigmund, uniq_crazy_yiuf_cottage

Skill      XL: |  1  2 |
---------------+-------+-----
Conjurations   | 2 |  2.0
Fire Magic     | 4 |  4.3
Dodging        | |  2.1
Stealth        | |  2.0
Spellcasting   | |  2.6

Action                   || total
-------------------------++-------
Melee: Dagger            ||    11
       Kick              ||     4
       Peck              ||     2
 Cast: Foxfire           ||    14
       Scorch            ||    30
       Conjure Flame     ||     1
  Use: Scroll            ||     4
 Stab: Sleeping          ||     1
Armor: Robe              ||     1
Dodge: Dodged            ||     8
